 Dungeon Crawl Stone Soup version 0.16-a0-3841-g2612308 (webtiles) character file.

58877 Charly the Severer (level 14, -5/199 HPs)
             Began as a Deep Dwarf Gladiator on Jan 30, 2015.
             Was the Champion of Makhleb.
             Slain by a titanic slime creature (66 damage)
             ... summoned by a shadow trap
             ... triggered by the player character
             ... on level 13 of the Dungeon.
             The game lasted 02:15:48 (10058 turns).

Charly the Severer (Deep Dwarf Gladiator)          Turns: 10058, Time: 02:15:49

Health: -5/199     AC: 22    Str: 23    XL:     14   Next: 51%
Magic:  23/23      EV: 12    Int: 14    God:    Makhleb [******]
Gold:   1547       SH:  0    Dex: 17    Spells: 0 memorised, 13 levels left

rFire  . . .     SeeInvis .     a - +5 battleaxe (flame)
rCold  . . .     Clarity  .     g - +4 plate armour
rNeg   + . .     SustAb   .     (no shield)
rPois  .         Gourm    .     c - +0 helmet
rElec  .         Spirit   .     i - +0 cloak (curse)
rCorr  .         Warding  .     (no gloves)
rMut   .         Stasis   .     (no boots)
MR     ++...                    C - amulet of rage (curse)
Stlth  ..........               R - ring of stealth
                                k - +3 ring of intelligence

@: berserking (expiring), non-regenerating, very quick, very resistant to
hostile enchantments, extremely unstealthy
A: damage resistance, recharge devices, negative energy resistance 1, sense
surroundings 2, slow healing 3
a: Device Recharging, Minor Destruction, Lesser Servant of Makhleb, Major
Destruction, Greater Servant of Makhleb, Renounce Religion, Evoke Berserk Rage


You were on level 13 of the Dungeon.
You worshipped Makhleb.
Makhleb was exalted by your worship.
You were not hungry.

You visited 4 branches of the dungeon, and saw 26 of its levels.
You also visited: Ossuary, Bailey and Volcano.

You collected 2757 gold pieces.
You spent 1210 gold pieces at shops.

Inventory:

Hand weapons
 a - a +5 battleaxe of flaming (weapon)
 b - a +0 blowgun
 Q - the +3 hand axe of Stapofog {flame, -Cast rElec rF++ Stlth+}
   (You bought it in a shop on level 4 of the Orcish Mines)

   It has been specially enchanted to burn those struck by it, causing extra
   injury to most foes and up to half again as much damage against particularly
   susceptible opponents.
   Big, fiery blades are also staple armaments of hydra-hunters.
   It greatly protects you from fire.
   It insulates you from electricity.
   It prevents spellcasting.
   It makes you more stealthy.
Missiles
 A - 13 poisoned needles
 B - 3 throwing nets (quivered)
 O - 7 curare-tipped needles
Armour
 c - a +0 helmet (worn)
 g - a +4 plate armour (worn)
 i - a cursed +0 cloak (worn)
Rods
 h - a +2 rod of shadows (13/13)
   (You found it on level 8 of the Lair of Beasts)
Jewellery
 k - a +3 ring of intelligence (left hand)
 t - the necklace of Bloodlust {*Rage +Rage MR+ Str+2 Int-2 Slay+3 Curse}
   (You found it on level 4 of the Lair of Beasts)

   [amulet of rage]

   It affects your strength (+2).
   It affects your intelligence (-2).
   It affects your accuracy and damage with ranged weapons and melee attacks
   (+3).
   It affects your resistance to hostile enchantments.
   It lets you go berserk.
   It may make you go berserk in combat.
   It may recurse itself when equipped.
 C - a cursed amulet of rage (around neck)
 I - a cursed ring of flight
 R - a ring of stealth (right hand)
Magical devices
 e - a wand of heal wounds (6)
 w - a wand of hasting (2)
 M - a wand of digging (0)
 W - a wand of disintegration (16)
Scrolls
 j - 7 scrolls of remove curse
 m - a scroll of magic mapping
 o - a scroll of enchant weapon
 p - 7 scrolls of fear
 q - a scroll of immolation {unknown}
 r - a scroll of fog {unknown}
 u - 2 scrolls of blinking
 x - 2 scrolls of teleportation
 F - a scroll of noise {unknown}
 K - a scroll of vulnerability {unknown}
 S - a scroll of brand weapon
Potions
 d - 2 potions of heal wounds
 l - 4 potions of resistance
 s - 4 potions of haste
 v - 2 potions of berserk rage
 z - 6 potions of brilliance
 D - 3 potions of might
 E - 8 potions of curing
 G - 2 potions of magic
 J - a potion of ambrosia
 L - 2 potions of flight
 N - a potion of agility
 P - 2 potions of restore abilities
 V - 2 potions of cancellation
Books
 y - a Necronomicon {highlevel, unknown}

   This book is beyond your current level of understanding.

   Spells                             Type                      Level
   a - Haunt                          Necromancy/Summoning         7
   b - Borgnjor's Revivification      Necromancy                   8
   c - Death's Door                   Charms/Necromancy            8
   d - Necromutation                  Transmutation/Necromancy     8
 H - a book of Dreams

   Spells                             Type                      Level
   a - Ensorcelled Hibernation        Hexes/Ice                    2
   b - Flight                         Charms/Air                   3
   c - Phase Shift                    Translocation                5
   d - Shadow Creatures               Summoning                    5
   e - Mass Confusion                 Hexes                        6
   f - Darkness                       Hexes                        7
Miscellaneous
 T - a phantom mirror
Comestibles
 f - 9 bread rations
 n - 9 meat rations


   Skills:
 + Level 10.7 Fighting
 + Level 17.7 Axes
 - Level 1.7 Throwing
 + Level 12.3 Armour
 - Level 9.0 Dodging
 - Level 9.0 Invocations
 - Level 6.0 Evocations


You had 13 spell levels left.
You didn't know any spells.

Dungeon Overview and Level Annotations

Branches:
Dungeon (13/15)            Temple (1/1) D:7            Lair (8/8) D:11
 Shoals (0/5) Lair:6        Snake (0/5) Lair:4        Slime (0/6) Lair:7
    Orc (4/4) D:12            Elf (0/3) Orc:3
 Vaults: D:13-14

Altars:
Ashenzari
Cheibriados
Dithmenos
Fedhas
Gozag
Kikubaaqudgha
Makhleb
Nemelex Xobeh
Okawaru
Sif Muna
Trog
Vehumet
Xom
Yredelemnul
Zin
The Shining One
Beogh
Jiyva

Shops:
Orc:4 (!?[

Portals:
Hell: Lair:8

Annotations:
D:11 Nessos
Lair:6 exclusion: oklob plant


Innate Abilities, Weirdness & Mutations

You are resistant to damage.
You can recharge devices by infusing magical energy.
You resist negative energy.
You passively map the area around you.
You do not heal naturally.


Message History

The titanic slime creature is moderately wounded.
You hit the hornet zombie. You burn the hornet zombie.
The titanic slime creature misses you.
The hornet zombie hits you but does no damage.
You slice the titanic slime creature!! You burn the titanic slime creature!
The titanic slime creature is heavily wounded.
You slice the hornet zombie!! You burn the hornet zombie.
You destroy the hornet zombie!
The titanic slime creature misses you.
You slash the titanic slime creature! You burn the titanic slime creature.
The titanic slime creature is heavily wounded.
You slice the titanic slime creature!! You burn the titanic slime creature!
The titanic slime creature is heavily wounded.
The titanic slime creature hits you!!!
You slash the titanic slime creature! You burn the titanic slime creature.
The titanic slime creature is severely wounded.
You slash the titanic slime creature! You burn the titanic slime creature.
The titanic slime creature is severely wounded.
The titanic slime creature hits you!!!!
You die...

* , , ,,, ,
* * *** * ,
* * * * * *
, * , , ,,,,
, , , * * ,
,,, ,, , , ,
, , #######
, , ,
#CJ@<.# * ,
,
**,#.#####,*
, .., , * *
* , ... ,* ,
, ,, ,* *
... * ** * *
* , . *, ,,
*, * * , , ,
,,, , ,, *


You could see a titanic slime creature and a cyclops.

Vanquished Creatures
  Maud (Lair:6)
  A dire elephant (Lair:8)
  Josephine (D:10)
  The ghost of wojtek the Slicer, a powerful KoAs (D:8)
  5 hydras
  Harold (D:11)
  A hell beast (Lair:8)
  5 death yaks (Lair:5)
  2 ogre magi (Orc:4)
  A wizard (Lair:8)
  The ghost of haldagan the Tainted, an experienced VSMo of Yredelemnul (D:9)
  4 hill giants
  Pikel (D:7)
  An orc knight (Orc:4)
  2 cyclopes (D:11)
  7 elephants
  An orc sorcerer (Orc:1)
  A griffon (Lair:5)
  Joseph (D:7)
  3 black mambas
  5 komodo dragons
  6 orange demons (Lair:8)
  10 spiny frogs
  3 fire drakes
  A guardian mummy (Volcano)
  A hellwing (Lair:8)
  11 two-headed ogres
  3 trolls
  A blue devil (Lair:8)
  Sonja (D:11)
  A queen bee (D:9)
  2 red devils (Lair:8)
  Grinder (D:5)
  A slime creature (D:13)
  A minotaur skeleton (Volcano)
  19 blink frogs
  2 vampires (Volcano)
  A flying skull (Volcano)
  A hornet zombie (D:13)
  A trapdoor spider (D:12)
  A basilisk (Lair:8)
  17 yaks
  4 hungry ghosts
  3 wargs
  4 hippogriffs
  10 wolves
  6 nagas (Lair:4)
  A hill giant skeleton (Volcano)
  Edmund (Orc:1)
  12 water moccasins
  A hell hound (Lair:8)
  5 porcupines
  A slave (D:7)
  3 ice beasts
  A mottled dragon (D:11)
  5 phantoms
  5 sky beasts
  3 centaurs
  17 orc warriors
  26 ogres
  2 boring beetles
  Duvessa (D:5)
  6 giant frogs
  11 crocodiles
  Blork the orc (D:5)
  A wyvern zombie (D:11)
  17 killer bees
  2 scorpions
  A troll zombie (D:12)
  3 electric eels
  2 crimson imps
  A troll skeleton (Volcano)
  8 wights (D:11)
  Dowan (D:5)
  A wyvern simulacrum (D:10)
  2 giant frog zombies
  A spriggan skeleton (Volcano)
  A goliath beetle (D:8)
  A giant frog skeleton (D:4)
  11 hounds
  6 centaur zombies
  10 iguanas
  2 jellies
  13 orc priests
  4 centaur skeletons (Volcano)
  2 two-headed ogre skeletons (Volcano)
  11 sheep
  15 orc wizards
  2 worker ants
  7 ogre zombies (D:12)
  2 human zombies
  2 naga skeletons (Volcano)
  15 mummies
  2 hound skeletons
  A worker ant zombie (D:7)
  19 adders
  13 gnolls
  42 river rats
  2 shadow imps
  A worm (D:2)
  2 giant geckos
  108 orcs
  6 bats
  2 giant cockroaches
  25 goblins
  12 hobgoblins
  7 jackals (D:2)
  24 kobolds
  11 quokkas
  5 giant newts
  3 gnoll skeletons (Ossuary)
  3 goblin skeletons
  2 goblin zombies (D:12)
  A hobgoblin skeleton (D:12)
  A hobgoblin zombie (D:12)
  A jackal skeleton (D:4)
  A kobold skeleton (Ossuary)
  7 orc skeletons
  18 orc zombies
  A quokka skeleton (D:7)
  A quokka zombie (D:5)
  10 rats
  11 rat skeletons (Ossuary)
  2 fungi
  A plant (Lair:8)
749 creatures vanquished.

Vanquished Creatures (collateral kills)
  2 ogre magi (Orc:4)
  A death yak (Lair:5)
  A two-headed ogre (Orc:4)
  5 ogres (Orc:4)
  A quokka (Lair:5)
10 creatures vanquished.

Vanquished Creatures (others)
  A blizzard demon (Lair:8)
  A smoke demon (Lair:6)
  A hellwing (Lair:5)
  A ynoxinul (Lair:6)
  2 slaves (D:7)
  A giant frog (D:7)
  A shadow imp (D:7)
  2 ufetubi (Lair:5)
  An orc (D:7)
  A hobgoblin (D:11)
  A giant spore (D:8)
  A fungus (Lair:6)
  A plant (Lair:6)
15 creatures vanquished.

Grand Total: 774 creatures vanquished

Notes
Turn   | Place    | Note
--------------------------------------------------------------
     0 | D:1      | Charly, the Deep Dwarf Gladiator, began the quest for the Orb.
     0 | D:1      | Reached XP level 1. HP: 19/19 MP: 1/1
    26 | D:1      | Found a glowing golden altar of the Shining One.
   239 | D:2      | Reached XP level 2. HP: 26/26 MP: 2/2
   251 | D:2      | Reached skill level 1 in Armour
   271 | D:2      | Reached skill level 4 in Axes
   271 | D:2      | Reached XP level 3. HP: 29/32 MP: 3/3
   277 | D:2      | Found a bloodstained altar of Trog.
   277 | D:2      | Found an iron altar of Okawaru.
   292 | D:2      | Found a blossoming altar of Fedhas.
   525 | D:2      | Reached XP level 4. HP: 31/39 MP: 4/4
   554 | D:2      | Reached skill level 5 in Axes
   761 | D:3      | Found a bloodstained altar of Trog.
   903 | D:3      | Reached XP level 5. HP: 30/45 MP: 5/5
  1106 | D:4      | Reached skill level 6 in Axes
  1121 | D:4      | Reached XP level 6. HP: 20/52 MP: 6/6
  1369 | D:4      | Reached skill level 7 in Axes
  1420 | D:4      | Found a shadowy altar of Dithmenos.
  1521 | D:5      | Entered Level 5 of the Dungeon
  1540 | D:5      | Noticed Blork the orc
  1560 | D:5      | Killed Blork the orc
  1630 | D:5      | Reached XP level 7. HP: 32/60 MP: 7/7
  1788 | D:5      | Noticed Duvessa
  1795 | D:5      | Killed Duvessa
  1796 | D:5      | Noticed Dowan
  1802 | D:5      | Killed Dowan
  1918 | D:5      | Reached skill level 8 in Axes
  1918 | D:5      | Reached skill level 5 in Armour
  1984 | D:5      | Noticed Grinder
  2036 | D:5      | Killed Grinder
  2036 | D:5      | Reached XP level 8. HP: 33/69 MP: 8/8
  2290 | D:6      | Reached skill level 9 in Axes
  2331 | D:6      | You fall through a shaft!
  2357 | D:7      | Noticed Pikel
  2372 | D:7      | Noticed Joseph
  2379 | D:7      | Killed Pikel
  2379 | D:7      | Reached skill level 10 in Axes
  2394 | D:7      | Gained mutation: You passively map the area around you. [level up]
  2394 | D:7      | Reached XP level 9. HP: 63/79 MP: 9/9
  2409 | D:7      | Killed Joseph
  2453 | D:7      | Reached skill level 5 in Fighting
  2694 | D:6      | Reached skill level 11 in Axes
  2694 | D:6      | Reached skill level 1 in Evocations
  2787 | D:8      | Found a sand-covered staircase.
  2792 | Ossuary  | Entered an ossuary
  3098 | D:8      | Found a bloodstained altar of Trog.
  3111 | D:7      | Found a shattered altar of Ashenzari.
  3156 | D:8      | Noticed wojtek's ghost (powerful KoAs)
  3202 | D:8      | Killed wojtek's ghost
  3202 | D:8      | Reached XP level 10. HP: 55/88 MP: 14/17
  3277 | D:8      | Found a snail-covered altar of Cheibriados.
  3320 | D:7      | Found a staircase to the Ecumenical Temple.
  3325 | Temple   | Entered the Ecumenical Temple
  3356 | Temple   | Became a worshipper of Makhleb the Destroyer
  3537 | D:9      | Noticed haldagan's ghost (experienced VSMo)
  3559 | D:9      | Killed haldagan's ghost
  3559 | D:9      | Reached skill level 12 in Axes
  3559 | D:9      | Reached skill level 5 in Evocations
  3571 | D:9      | Found a shimmering altar of Xom.
  3720 | D:9      | Acquired Makhleb's first power
  3978 | D:10     | Entered Level 10 of the Dungeon
  3998 | D:10     | Noticed a hill giant
  4004 | D:10     | Killed a hill giant
  4004 | D:10     | Reached skill level 13 in Axes
  4076 | D:10     | Found a flagged portal.
  4086 | Bailey   | Entered a bailey
  4111 | Bailey   | Acquired Makhleb's second power
  4364 | D:10     | Found a roughly hewn altar of Beogh.
  4400 | D:10     | Reached XP level 11. HP: 30/97 MP: 19/19
  4440 | D:10     | Acquired Makhleb's third power
  4497 | D:10     | Noticed Josephine
  4606 | D:10     | Killed Josephine
  4640 | D:10     | Noticed a hill giant
  4653 | D:10     | Killed a hill giant
  4653 | D:10     | Reached skill level 5 in Dodging
  4691 | D:11     | Reached skill level 14 in Axes
  4755 | D:11     | Found a staircase to the Lair.
  4791 | D:11     | Noticed a hill giant
  4792 | D:11     | Noticed Harold
  4812 | D:11     | Killed Harold
  4812 | D:11     | Acquired Makhleb's fourth power
  4832 | D:11     | Killed a hill giant
  5009 | D:11     | Reached skill level 1 in Invocations
  5126 | D:11     | Noticed Sonja
  5152 | D:11     | Killed Sonja
  5215 | D:11     | Noticed Nessos
  5310 | D:11     | Noticed a hill giant
  5328 | D:11     | HP: 3/102 [hill giant/giant club (32)]
  5329 | D:11     | HP: 1/102 [hill giant/giant club (2)]
  5331 | D:11     | Killed a hill giant
  5471 | D:12     | Noticed a hill giant
  5521 | D:12     | Reached XP level 12. HP: 50/110 MP: 18/18
  5602 | D:12     | Found a staircase to the Orcish Mines.
  5650 | D:12     | Reached skill level 15 in Axes
  5668 | D:12     | Acquired Makhleb's fifth power
  5723 | Lair:1   | Entered Level 1 of the Lair of Beasts
  6101 | Lair:3   | Reached skill level 5 in Invocations
  6193 | Lair:3   | Reached skill level 10 in Armour
  6396 | Lair:4   | Found a staircase to the Snake Pit.
  6718 | Lair:4   | Found a radiant altar of Vehumet.
  7089 | Lair:5   | Reached skill level 16 in Axes
  7090 | Lair:5   | Reached XP level 13. HP: 117/117 MP: 22/22
  7514 | Lair:6   | Found a staircase to the Shoals.
  7532 | Lair:6   | Noticed Maud
  7549 | Lair:6   | Killed Maud
  7718 | Lair:7   | Found a viscous altar of Jiyva.
  7720 | Lair:7   | Found a staircase to the Slime Pits.
  7763 | Lair:8   | Entered Level 8 of the Lair of Beasts
  7812 | Lair:8   | Gained mutation: You tend to lose your temper in combat. [potion of mutation]
  7812 | Lair:8   | Gained mutation: You are dopey. (Int -2) [potion of mutation]
  7812 | Lair:8   | Gained mutation: You are partially covered in rough black scales (AC +4, Dex -1). [potion of mutation]
  7813 | Lair:8   | Lost mutation: You are partially covered in rough black scales (AC +4, Dex -1). [potion of cure mutation]
  7813 | Lair:8   | Lost mutation: You are dopey. (Int -2) [potion of cure mutation]
  7813 | Lair:8   | Lost mutation: You tend to lose your temper in combat. [potion of cure mutation]
  8357 | Lair:8   | Noticed a dire elephant
  8367 | Lair:8   | Killed a dire elephant
  8367 | Lair:8   | Reached skill level 17 in Axes
  8453 | Lair:8   | Found a burning altar of Makhleb.
  8508 | Lair:8   | Gained mutation: You resist negative energy. [level up]
  8508 | Lair:8   | Reached XP level 14. HP: 59/130 MP: 23/23
  8573 | Lair:8   | Found a gateway to Hell.
  8588 | Lair:8   | Identified a +2 rod of shadows (13/13) (You found it on level 8 of the Lair of Beasts)
  8718 | Lair:2   | Reached skill level 10 in Fighting
  8813 | Orc:1    | Entered Level 1 of the Orcish Mines
  8821 | Orc:1    | Noticed Edmund
  8828 | Orc:1    | Killed Edmund
  8970 | Orc:1    | Found a dark tunnel.
  8982 | Volcano  | Entered a volcano
  9531 | Orc:3    | Found a staircase to the Elven Halls.
  9628 | Orc:4    | Entered Level 4 of the Orcish Mines
  9715 | Orc:4    | Found Anausai's Distillery.
  9721 | Orc:4    | Found Usawnaipp's Weapon Shoppe.
  9721 | Orc:4    | Found Thacra's Magic Scroll Boutique.
  9742 | Orc:4    | Found Ghaywnad's Antique Armour Emporium.
  9800 | Orc:4    | Bought a scroll of enchant weapon for 127 gold pieces
  9802 | Orc:4    | Bought a potion of heal wounds for 80 gold pieces
  9802 | Orc:4    | Bought a potion of ambrosia for 128 gold pieces
  9802 | Orc:4    | Bought a potion of curing for 48 gold pieces
  9802 | Orc:4    | Bought a potion of agility for 64 gold pieces
  9802 | Orc:4    | Bought 2 potions of curing for 96 gold pieces
  9803 | Orc:4    | Bought the +3 hand axe of Stapofog {flame, -Cast rElec rF++ Stlth+} for 667 gold pieces
 10058 | D:13     | Slain by a titanic slime creature

Action                   |  1- 3 |  4- 6 |  7- 9 | 10-12 | 13-15 || total
-------------------------+-------+-------+-------+-------+-------++-------
Melee: War axe           |    87 |   231 |   403 |   444 |       ||  1165
       Battleaxe         |       |       |       |   519 |   703 ||  1222
 Fire: Blowgun           |       |       |       |       |     4 ||     4
Throw: Throwing net      |       |     3 |     2 |     4 |     1 ||    10
Invok: Minor Destruction |       |       |       |     9 |     3 ||    12
       Lesser Servant of |       |       |       |     1 |     5 ||     6
       Major Destruction |       |       |       |       |    13 ||    13
       Greater Servant o |       |       |       |       |     2 ||     2
 Abil: Evoke Berserk Rag |       |       |     1 |     2 |       ||     3
       Device Recharging |       |       |       |     3 |     1 ||     4
       Evoke Flight      |       |       |       |     1 |       ||     1
Evoke: Wand              |       |     8 |     5 |    42 |    11 ||    66
  Use: Scroll            |       |     4 |     6 |    16 |     7 ||    33
       Potion            |       |       |     3 |     5 |     8 ||    16
 Stab: Held in net/web   |       |       |     1 |       |     1 ||     2
       Paralysed         |       |       |       |     6 |       ||     6
       Confused          |       |       |       |     7 |       ||     7
       Distracted        |       |       |       |     1 |       ||     1
  Eat: Royal jelly       |     1 |       |       |     9 |       ||    10
       Pizza             |       |       |     1 |     1 |     1 ||     3
       Chunk             |       |       |     1 |     1 |     8 ||    10
       Meat ration       |       |       |     1 |       |       ||     1
       Beef jerky        |       |       |       |     3 |       ||     3
       Fruit             |       |       |       |     1 |     4 ||     5
